 Dungeon Crawl Stone Soup version 0.19.0-24-gb05acd6 (webtiles) character file.

112427 KarmaPolice the Lord of Darkness (level 16, -12/111 HPs)
             Began as a Vampire Skald on Nov 20, 2016.
             Was the Champion of Kikubaaqudgha.
             Killed by angry trees
             ... awakened by a spriggan druid
              (17 damage)
             ... on level 1 of the Swamp on Nov 21, 2016.
             The game lasted 03:19:31 (41798 turns).

KarmaPolice the Lord of Darkness (Vampire Skald)   Turns: 41798, Time: 03:19:32

Health: -12/111    AC:  0    Str: 14    XL:     16   Next: 11%
Magic:  20/27      EV: 32    Int: 14    God:    Kikubaaqudgha [******]
Gold:   1215       SH:  0    Dex: 23    Spells: 10 memorised, 5 levels left

rFire  . . .     SeeInvis +     (weapon currently unavailable)
rCold  . . .     Gourm    .     (armour currently unavailable)
rNeg   + + .     Faith    .     (shield currently unavailable)
rPois  .         Spirit   .     (helmet currently unavailable)
rElec  .         Reflect  .     (cloak currently unavailable)
rCorr  .         Harm     .     (gloves currently unavailable)
MR     ++++.     Clarity  +     (boots currently unavailable)
Stlth  ++++......               Q - amulet of the Four Winds {rN+ MR+++ Clar}
                                (ring currently unavailable)
                                (ring currently unavailable)

@: bat-form, infused, flying, regenerating, repel missiles, very quick
A: fangs 3, see invisible, (deformed body), frail 1, low mp 1, screaming 1,
(unbreathing)
a: End Transformation, Receive Corpses, Torment, Renounce Religion


You were on level 1 of the Swamp.
You worshipped Kikubaaqudgha.
Kikubaaqudgha was exalted by your worship.
You were not thirsty.
You were in vampire-bat-form.
You visited 6 branches of the dungeon, and saw 27 of its levels.
You also visited: Labyrinth.

You collected 2751 gold pieces.
You spent 1536 gold pieces at shops.

Inventory:

Hand Weapons
 a - a +1 triple sword of protection (melded)
 n - a +2 short sword of draining
Armour
 j - a +1 hat of intelligence (melded)
 r - a +0 cloak (melded)
 E - a +0 pair of gloves (melded)
 K - a +0 pair of boots (melded)
 P - a +0 buckler
 U - a +2 troll leather armour (melded)
Jewellery
 p - a +6 ring of strength
 y - a ring of protection from fire (melded)
 H - a +5 ring of dexterity
 L - an uncursed amulet of magic regeneration
 Q - the amulet of the Four Winds (around neck) {rN+ MR+++ Clar}
   (You bought it in a shop on level 2 of the Orcish Mines)

   [amulet of nothing]

   It protects you from negative energy.
   It affects your resistance to hostile enchantments.
   It protects you against confusion.
 R - the ring "Jalom" (melded) {rPois MR+ AC+2 Str+3 Int+4}
   (You bought it in a shop on level 2 of the Orcish Mines)

   [ring of protection]

   It affects your AC (+2).
   It affects your strength (+3).
   It affects your intelligence (+4).
   It protects you from poison.
   It affects your resistance to hostile enchantments.
 T - an uncursed ring of resist corrosion
Wands
 b - a wand of confusion (15/48)
 O - a wand of disintegration (7/24)
Scrolls
 c - 5 scrolls of recharging
 f - 5 scrolls of enchant weapon
 q - 10 scrolls of remove curse
 t - 6 scrolls of fear
 v - 4 scrolls of enchant armour
 z - 3 scrolls of amnesia
 C - 4 scrolls of teleportation
 D - 2 scrolls of blinking
 J - 2 scrolls of immolation
 M - 2 scrolls of brand weapon
 W - a scroll of fog
Potions
 d - 4 potions of blood
 e - a potion of invisibility
 h - a potion of heal wounds
 k - 12 potions of curing
 l - 6 potions of resistance
 o - 3 potions of might
 u - a potion of ambrosia
 x - a potion of magic {unknown}
 A - 4 potions of brilliance
 B - 3 potions of mutation {unknown}
 F - 6 potions of lignification {unknown}
 I - 7 potions of haste
 N - 4 potions of flight {unknown}
 S - 5 potions of agility {unknown}
 Y - 3 potions of berserk rage
Books
 g - the Disquisition on the Creative Frostbite
   (You found it on level 1 of the Swamp)

   Spells                             Type                      Level
   a - Summon Butterflies             Summoning                    1
   b - Summon Small Mammal            Summoning                    1
   c - Call Canine Familiar           Summoning                    3
   d - Summon Lightning Spire         Summoning/Air                4
   e - Metabolic Englaciation         Hexes/Ice                    5
   f - Bolt of Cold                   Conjuration/Ice              6
 i - a book of the Sky

   Spells                             Type                      Level
   a - Summon Lightning Spire         Summoning/Air                4
   b - Airstrike                      Air                          4
   c - Silence                        Hexes/Air                    5
   d - Deflect Missiles               Charms/Air                   6
   e - Conjure Ball Lightning         Conjuration/Air              6
   f - Tornado                        Air                          9
 m - a book of Party Tricks

   Spells                             Type                      Level
   a - Summon Butterflies             Summoning                    1
   b - Apportation                    Translocation                1
   c - Lesser Beckoning               Translocation                3
   d - Tukima's Dance                 Hexes                        3
   e - Alistair's Intoxication        Transmutation/Poison         5
   f - Invisibility                   Hexes                        6
 G - a Necronomicon

   Spells                             Type                      Level
   a - Haunt                          Necromancy/Summoning         7
   b - Borgnjor's Revivification      Necromancy                   8
   c - Death's Door                   Charms/Necromancy            8
   d - Infestation                    Necromancy                   8
   e - Necromutation                  Transmutation/Necromancy     8
 X - Kikubaaqudgha's Almanac of Darkness
   (Kikubaaqudgha gifted it to you on level 9 of the Dungeon)

   Spells                             Type                      Level
   a - Animate Dead                   Necromancy                   4
   b - Excruciating Wounds            Charms/Necromancy            5
   c - Cigotuvi's Embrace             Necromancy                   5
   d - Dispel Undead                  Necromancy                   5
   e - Simulacrum                     Ice/Necromancy               6
Miscellaneous
 s - a phantom mirror
 V - a box of beasts
 Z - a fan of gales


   Skills:
 + Level 10.6 Fighting
 - Level 4.6(10.0) Short Blades
 + Level 12.4(12.7) Long Blades
 - Level 7.0 Armour
 - Level 10.0 Dodging
 - Level 10.2 Spellcasting
 + Level 12.1 Hexes
 - Level 8.0 Charms
 + Level 12.8 Necromancy
 - Level 5.1 Air Magic
 - Level 5.3 Evocations


You had 5 spell levels left.
You knew the following spells:

 Your Spells              Type           Power        Failure   Level  Hunger
a - Infusion              Chrm           ####         1%          1    None
b - Shroud of Golubria    Chrm/Tloc      ###.......   2%          2    None
c - Song of Slaying       Chrm           ####....     1%          2    None
d - Regeneration          Chrm/Necr      #####.....   1%          3    #......
e - Repel Missiles        Chrm/Air       ####..       1%          2    None
f - Dispel Undead         Necr           #####...     1%          5    #####..
g - Animate Dead          Necr           N/A          1%          4    ###....
h - Tukima's Dance        Hex            #####...     1%          3    #......
i - Confuse               Hex            #####...     1%          3    #......
j - Excruciating Wounds   Chrm/Necr      #####.....   6%          5    #####..


Dungeon Overview and Level Annotations

Branches:
Dungeon (15/15) Temple (1/1) D:4 Lair (6/6) D:10 Swamp (2/4) Lair:4 Snake (1/4) Lair:4 Slime (0/5) Lair:6 Orc (2/2) D:10 Elf (0/3) Orc:2 Vaults (0/5) D:13 D:14 Depths (0/5) D:15

Altars:
Ashenzari
Cheibriados
Dithmenos
Elyvilon
Fedhas
Hepliaklqana
Kikubaaqudgha
Makhleb
Okawaru
Qazlal
Ru
Trog
Uskayaw
Vehumet
Yredelemnul
The Shining One
Beogh
Jiyva

Shops:
D:5 [   Orc:2 }?[=

Annotations:
D:4 exclusion: oklob plant
D:5 Erac's ghost, novice HECj
D:7 TheWoodenMan's ghost, novice DsNe
Lair:1 exclusion: oklob plant
Lair:6 1 runed door


Innate Abilities, Weirdness & Mutations

You have razor-sharp teeth.
You have supernaturally acute eyesight. (SInv)
((You can survive without breathing.))
((Armour fits poorly on your strangely shaped body.))
You are frail. (-10% HP)
Your magical capacity is low. (-10% MP)
You occasionally shout uncontrollably at your foes.


Message History

You turn into a vampire bat.
Your +1 triple sword of protection melds into your body.
Your +0 cloak melds into your body.
Your +1 hat of intelligence melds into your body.
Your +0 pair of gloves melds into your body.
Your +0 pair of boots melds into your body.
Your +2 troll leather armour melds into your body.
Your ring of protection from fire melds into your body.
The ring "Jalom" {rPois MR+ AC+2 Str+3 Int+4} melds into your body.
Your +1 triple sword of protection goes still.
You feel stupid.
You feel roots moving beneath the ground.
A root smacks you from below.
* * * LOW HITPOINT WARNING * * *
A tree reaches out and hits you!
* * * LOW HITPOINT WARNING * * *
Okay, then.
A tree reaches out and hits you!
You die...
Kikubaaqudgha rasps: "You have failed me!
Welcome... oblivion!"

≈♣♣♣f......≈♣♣♣♣≈≈♣♣
≈♣♣♣..♣♣♣♣♣♣♣♣♣.≈≈§♣♣
...≈≈.♣♣♣ ♣♣.≈≈≈≈..♣
≈≈≈≈≈≈≈≈♣♣ ♣≈≈≈..≈..♣
≈≈≈≈≈≈≈.≈♣♣♣♣.....≈≈♣
..Z..≈≈...♣♣....≈.≈.♣
..♣≈....≈♣♣..≈..≈...♣
≈♣♣♣♣♣♣♣♣♣≈.....§≈≈.♣
≈.♣ ♣♣≈≈.....♣.b≈.♣♣
..♣♣♣♣≈≈....≈≈≈♣≈.♣♣
.≈.≈≈≈≈≈≈...≈≈..≈≈♣
.≈≈Z≈≈≈≈...≈≈≈≈.>♣♣
≈..........≈.≈..♣♣ ♣♣♣
♣.♣♣♣≈........≈♣♣♣♣♣♣♣≈♣
♣♣♣ ♣♣≈.♣≈.i......♣≈.≈.♣
♣♣♣≈.^≈≈≈.≈≈≈.>≈≈.♣
♣♣♣♣♣.≈≈≈≈≈≈≈≈......♣


You could see a spriggan druid (fleeing).

Vanquished Creatures
  Rupert (D:13)
  An orc warlord (Orc:2)
  A minotaur (Lab)
  A fire dragon (D:15)
  2 ice dragons
  13 hydras
  A catoblepas (Lair:5)
  2 ghost crabs (Swamp:1)
  An anaconda (Snake:1)
  A centaur warrior (D:14)
  5 death yaks
  A shock serpent (Snake:1)
  4 orc high priests (Orc:2)
  Nergalle (Lair:4)
  3 unseen horrors
  5 skeletal warriors (D:15)
  2 lindwurms (Lair:6)
  A swamp dragon (Swamp:1)
  3 hill giants
  A deep elf archer (D:15)
  Pikel (D:6)
  A deep elf mage (D:12)
  2 mana vipers (Snake:1)
  3 orc knights (Orc:2)
  5 cyclopes
  21 ugly things
  5 orc sorcerers
  7 slime creatures
  3 manticores
  7 elephants
  9 black mambas
  Psyche (D:8)
  2 centaur zombies
  4 torpor snails (Lair:6)
  Joseph (D:7)
  11 spiny frogs
  3 centaur skeletons
  A gargoyle (D:14)
  4 komodo dragons
  A kobold demonologist (D:14)
  A yaktaur (D:12)
  2 rime drakes
  A komodo dragon (shapeshifter) (D:13)
  A polar bear (Lair:3)
  5 trolls
  A minotaur zombie (Lab)
  4 tyrant leeches
  3 bog bodies (Swamp:1)
  9 hornets
  8 two-headed ogres
  21 blink frogs
  4 hippogriffs
  A shadow (Swamp:1)
  Sigmund (D:5)
  4 water elementals (D:11)
  A spriggan (Swamp:1)
  37 yaks
  2 wyverns
  7 hungry ghosts
  2 wraiths
  3 basilisks
  A steam dragon (D:10)
  14 humans (D:13)
  A naga (Snake:1)
  4 wargs
  2 swamp worms
  A soldier ant (D:15)
  10 water moccasins
  9 porcupines
  An ice beast (D:15)
  2 sky beasts
  51 orc warriors
  A slave (D:6)
  4 phantoms
  A black bear (Lair:2)
  A necrophage (D:11)
  15 ogres
  5 wolves
  15 centaurs
  11 crocodiles
  4 big kobolds
  17 bullfrogs
  8 scorpions
  A water moccasin skeleton (D:7)
  9 killer bees
  2 wights (D:6)
  4 howler monkeys
  3 electric eels
  4 crimson imps
  2 jellies
  6 hounds
  28 orc priests
  21 orc wizards
  5 bullfrog skeletons
  Jessica (D:2)
  Ijyb (D:3)
  3 iguanas
  4 hell rats (Lair:6)
  14 worker ants
  A killer bee zombie (D:5)
  2 hound skeletons
  A worker ant zombie (D:7)
  A howler monkey skeleton (D:10)
  A howler monkey zombie (D:11)
  Robin (D:2)
  4 gnolls (Orc:2)
  23 adders
  A river rat (Lair:6)
  3 shadow imps
  2 adder zombies
  4 worms
  5 leopard geckos
  121 orcs
  3 ball pythons
  11 giant cockroaches
  9 hobgoblins
  10 jackals
  3 quokkas
  3 bats (D:1)
  8 frilled lizards
  19 goblins
  A jackal skeleton (D:8)
  A jackal zombie (D:5)
  22 kobolds
  A leopard gecko zombie (D:5)
  2 quokka skeletons (D:4)
  6 rats
  A plant (Lair:6)
816 creatures vanquished.

Vanquished Creatures (collateral kills)
  A tentacled monstrosity (Swamp:1)
  Gastronok (Lair:2)
  A catoblepas (Lair:6)
  3 hydras
  Sonja (D:15)
  Urug (D:13)
  A hill giant (D:13)
  A shambling mangrove (Swamp:1)
  2 orc knights (Orc:2)
  An ugly thing (D:13)
  2 elephants (Lair:6)
  2 manticores
  A black mamba (Lair:6)
  2 torpor snails (Lair:6)
  A centaur skeleton (D:13)
  A gargoyle (D:13)
  2 spiny frogs (Lair:6)
  A rime drake (Lair:6)
  3 komodo dragons
  2 hornets (Lair:6)
  A tyrant leech (Lair:6)
  A troll (Orc:2)
  A two-headed ogre (Orc:2)
  11 blink frogs
  A hippogriff (Lair:3)
  A human (D:13)
  6 swamp worms
  2 water moccasins
  3 orc warriors
  A black bear (Lair:3)
  2 ogres
  A bullfrog (D:13)
  An electric eel (Lair:3)
  2 orc priests
  17 orcs
  3 fungi
  2 plants
86 creatures vanquished.

Vanquished Creatures (others)
  A spriggan (Swamp:1)
  A tengu conjurer (D:13)
  A hornet (Swamp:1)
  3 dancing weapons (Orc:2)
  A human (D:13)
  3 slaves (D:6)
  A wight (D:6)
  An orc (Orc:1)
  2 briar patches (Swamp:1)
  A bush (Lair:6)
  32 fungi
  33 plants
80 creatures vanquished.

Grand Total: 982 creatures vanquished

Notes
Turn   | Place    | Note
-------+----------+-------------------------------------------
     0 | D:1      | KarmaPolice the Vampire Skald began the quest for the Orb.
     0 | D:1      | Reached XP level 1. HP: 16/16 MP: 3/3
   150 | D:1      | Reached XP level 2. HP: 22/22 MP: 5/5
   864 | D:1      | Learned a level 2 spell: Shroud of Golubria
   867 | D:1      | Learned a level 2 spell: Song of Slaying
   969 | D:2      | Found a basalt altar of Yredelemnul.
  1024 | D:2      | Noticed Robin
  1048 | D:2      | Reached XP level 3. HP: 28/28 MP: 4/6
  1084 | D:2      | Killed Robin
  1084 | D:2      | Reached skill level 1 in Short Blades
  1344 | D:2      | Reached XP level 4. HP: 34/34 MP: 3/7
  1462 | D:2      | Noticed Jessica
  1467 | D:2      | Killed Jessica
  1897 | D:2      | Reached XP level 5. HP: 38/40 MP: 9/9
  2461 | D:3      | Noticed Ijyb
  2477 | D:3      | Killed Ijyb
  2876 | D:3      | Found a shadowy altar of Dithmenos.
  3468 | D:4      | Learned a level 3 spell: Regeneration
  3515 | D:4      | Reached XP level 6. HP: 41/47 MP: 10/10
  3566 | D:4      | Found a staircase to the Ecumenical Temple.
  3571 | Temple   | Entered the Ecumenical Temple
  3634 | Temple   | Became a worshipper of Kikubaaqudgha
  3847 | D:4      | Reached skill level 1 in Necromancy
  4093 | D:4      | Found a blossoming altar of Fedhas.
  4107 | D:4      | Noticed an oklob plant
  4422 | D:4      | Reached skill level 5 in Charms
  4449 | D:5      | Entered Level 5 of the Dungeon
  4532 | D:5      | Noticed an ice beast
  4760 | D:5      | Reached XP level 7. HP: 41/53 MP: 4/11
  4886 | D:5      | Noticed Sigmund
  5010 | D:5      | Noticed Erac's ghost (novice HECj)
  5045 | D:5      | Reached skill level 1 in Armour
  5057 | D:5      | Found a hazy altar of Hepliaklqana.
  5335 | D:5      | Killed Sigmund
  5675 | D:5      | Reached * piety under Kikubaaqudgha
  5675 | D:5      | Identified Kikubaaqudgha's Collected Works on Stolen Souls (Kikubaaqudgha gifted it to you on level 5 of the Dungeon)
  5675 | D:5      | Received a gift from Kikubaaqudgha
  5696 | D:5      | Found Peli's Antique Armour Boutique.
  5734 | D:5      | Reached XP level 8. HP: 61/61 MP: 0/12
  5839 | D:5      | Reached skill level 1 in Evocations
  6128 | D:5      | Found a shattered altar of Ashenzari.
  6397 | D:5      | Bought a pair of scorched gloves for 180 gold pieces
  6397 | D:5      | Identified the cursed -2 pair of gloves of Space {rElec} (You bought it in a shop on level 5 of the Dungeon)
  6753 | D:6      | Noticed Pikel
  6797 | D:6      | Killed Pikel
  6797 | D:6      | Reached skill level 5 in Fighting
  6797 | D:6      | Reached skill level 5 in Necromancy
  6915 | D:6      | Found a stormy altar of Qazlal.
  6915 | D:6      | Found a faded altar of an unknown god.
  6920 | D:6      | Found a faded altar of an unknown god.
  6922 | D:6      | Found a faded altar of an unknown god.
  6924 | D:6      | Found a faded altar of an unknown god.
  7309 | D:6      | Found a shattered altar of Ashenzari.
  7731 | D:7      | Noticed a komodo dragon
  7809 | D:7      | Noticed Joseph
  7815 | D:7      | Learned a level 2 spell: Repel Missiles
  7836 | D:7      | Killed Joseph
  7836 | D:7      | Reached XP level 9. HP: 49/69 MP: 3/13
  8275 | D:7      | Noticed TheWoodenMan's ghost (novice DsNe)
  8373 | D:7      | Found a shadowy altar of Dithmenos.
  8708 | D:7      | Reached ** piety under Kikubaaqudgha
  8968 | D:8      | Noticed a troll
  9049 | D:8      | Found a white marble altar of Elyvilon.
  9049 | D:8      | Found a glowing golden altar of the Shining One.
  9124 | D:8      | Noticed Psyche
  9141 | D:8      | Killed Psyche
  9568 | D:8      | Killed a troll
  9568 | D:8      | Reached XP level 10. HP: 75/77 MP: 4/14
 10920 | D:9      | Noticed a hand axe
 10921 | D:9      | Noticed a dagger
 10923 | D:9      | Found a hide-covered altar of Uskayaw.
 10978 | D:9      | Got a smoking long sword
 11444 | D:9      | Reached *** piety under Kikubaaqudgha
 11444 | D:9      | Identified Kikubaaqudgha's Almanac of Darkness (Kikubaaqudgha gifted it to you on level 9 of the Dungeon)
 11444 | D:9      | Received a gift from Kikubaaqudgha
 11467 | D:9      | Learned a level 5 spell: Dispel Undead
 11484 | D:9      | Found a radiant altar of Vehumet.
 11799 | D:10     | Entered Level 10 of the Dungeon
 11802 | D:10     | Found a staircase to the Orcish Mines.
 11818 | D:10     | Reached skill level 5 in Dodging
 12317 | D:10     | Reached skill level 5 in Long Blades
 12365 | D:10     | Found a staircase to the Lair.
 12407 | D:10     | You fall through a shaft for 2 floors!
 12606 | D:10     | Noticed a hill giant
 13795 | Lair:1   | Entered Level 1 of the Lair of Beasts
 13795 | Lair:1   | Noticed a seven-headed hydra
 13801 | Lair:1   | Killed a seven-headed hydra
 13932 | D:10     | Reached XP level 11. HP: 68/86 MP: 7/17
 14454 | Lair:2   | Noticed a seven-headed hydra
 14479 | Lair:1   | Noticed a four-headed hydra
 14509 | Lair:1   | Killed a four-headed hydra
 14586 | Lair:1   | Found a bloodstained altar of Trog.
 14952 | Lair:1   | Noticed a seven-headed hydra
 14965 | Lair:1   | Noticed an oklob plant
 15499 | Lair:2   | Reached skill level 5 in Spellcasting
 15633 | Lair:2   | Found a sacrificial altar of Ru.
 16170 | Lair:1   | Killed a seven-headed hydra
 16453 | Lair:2   | Noticed Gastronok
 17172 | Lair:2   | Reached skill level 10 in Necromancy
 17451 | Lair:1   | Reached **** piety under Kikubaaqudgha
 17554 | Lair:1   | Learned a level 4 spell: Animate Dead
 17808 | Lair:2   | Killed Gastronok
 17808 | Lair:2   | Reached XP level 12. HP: 25/95 MP: 7/21
 17934 | Lair:2   | Killed a seven-headed hydra
 17934 | Lair:2   | Reached skill level 5 in Evocations
 18079 | Lair:2   | Noticed a six-headed hydra
 18297 | Lair:2   | Noticed a six-headed hydra
 18327 | Lair:2   | Killed a six-headed hydra
 18621 | Lair:3   | Noticed a four-headed hydra
 18754 | Lair:3   | Found a labyrinth entrance.
 18772 | Lab      | Entered a labyrinth
 19068 | Lab      | Noticed a minotaur
 19085 | Lab      | Killed a minotaur
 19119 | Lab      | Got a dull robe
 19130 | Lab      | Identified the cursed +1 robe of Music {+Fly rPois Int+2} (You found it in a labyrinth)
 19723 | Lair:3   | Killed a four-headed hydra
 19737 | Lair:3   | Noticed a four-headed hydra
 19760 | Lair:3   | Killed a four-headed hydra
 20636 | Lair:3   | Noticed a four-headed hydra
 20715 | Lair:4   | Noticed Nergalle
 20735 | Lair:4   | Found a staircase to the Snake Pit.
 20764 | Lair:4   | Killed Nergalle
 20783 | Lair:4   | Learned a level 3 spell: Tukima's Dance
 20932 | Lair:4   | Found a staircase to the Swamp.
 21039 | Lair:4   | Reached skill level 1 in Hexes
 21150 | Lair:4   | Reached skill level 10 in Fighting
 21517 | Lair:4   | Reached XP level 13. HP: 103/103 MP: 6/24
 22178 | Lair:6   | Entered Level 6 of the Lair of Beasts
 22950 | Lair:6   | Reached skill level 5 in Hexes
 23198 | Lair:5   | Reached ***** piety under Kikubaaqudgha
 23710 | Lair:6   | Found a runed door.
 24201 | Lair:6   | Paralysed by a hornet for 2 turns
 24767 | Lair:6   | Found a runed door.
 24768 | Lair:6   | Found a viscous altar of Jiyva.
 24768 | Lair:6   | Found a staircase to the Slime Pits.
 24768 | Lair:6   | Noticed an azure jelly
 26154 | Lair:5   | Reached XP level 14. HP: 101/110 MP: 4/27
 28072 | Orc:1    | Entered Level 1 of the Orcish Mines
 28083 | D:10     | Reached skill level 10 in Long Blades
 28522 | Orc:1    | Found a bloodstained altar of Trog.
 28920 | Orc:2    | Entered Level 2 of the Orcish Mines
 29239 | Orc:2    | Reached ****** piety under Kikubaaqudgha
 29722 | Orc:2    | Paralysed by an orc sorcerer for 6 turns
 29825 | Orc:2    | Reached skill level 10 in Hexes
 29847 | Orc:2    | Noticed an orc warlord
 30356 | Orc:2    | Killed an orc warlord
 30356 | Orc:2    | Reached skill level 10 in Spellcasting
 30572 | Orc:2    | Found Gupos's Jewellery Boutique.
 30585 | Orc:2    | Reached skill level 10 in Dodging
 30593 | Orc:2    | Bought a cursed -3 ring of protection for 32 gold pieces
 30602 | Orc:2    | Found Zihyv's Armour Shop.
 30674 | Orc:2    | Found a roughly hewn altar of Beogh.
 30719 | Orc:2    | Gained mutation: You occasionally shout uncontrollably at your foes. [a neqoxec]
 30730 | Orc:2    | Gained mutation: Armour fits poorly on your strangely shaped body. [a neqoxec]
 30996 | Orc:2    | Found a roughly hewn altar of Beogh.
 31498 | Orc:2    | Gained mutation: Your magical capacity is low. (-10% MP) [a neqoxec]
 31571 | Orc:2    | Gained mutation: You are frail. (-10% HP) [a neqoxec]
 31715 | Orc:2    | Found Yghuaxer's Gadget Boutique.
 31837 | Orc:2    | Found a staircase to the Elven Halls.
 32043 | Orc:2    | Found Xast's Magic Scroll Shoppe.
 32107 | Orc:2    | Bought a scroll of identify for 28 gold pieces
 32107 | Orc:2    | Bought a scroll of fear for 49 gold pieces
 32108 | Orc:2    | Bought a scroll of blinking for 105 gold pieces
 32173 | Orc:2    | Bought the amulet of the Four Winds {rN+ MR+++ Clar} for 478 gold pieces
 32268 | Orc:2    | Bought the ring "Jalom" {rPois MR+ AC+2 Str+3 Int+4} for 664 gold pieces
 32764 | D:11     | Found a burning altar of Makhleb.
 32798 | D:11     | Reached skill level 5 in Armour
 33511 | D:12     | Reached XP level 15. HP: 84/103 MP: 2/26
 34449 | D:13     | Learned a level 3 spell: Confuse
 35004 | D:14     | Found a gate to the Vaults.
 35004 | D:14     | Noticed Urug
 35004 | D:14     | Noticed Rupert
 35348 | D:13     | Reached skill level 1 in Air Magic
 35490 | D:13     | Killed Rupert
 35645 | D:13     | Killed Urug
 36680 | D:15     | Entered Level 15 of the Dungeon
 36682 | D:15     | Noticed Sonja
 36817 | D:15     | Found a sacrificial altar of Ru.
 37071 | D:15     | Killed Sonja
 37825 | Temple   | Received a gift from Kikubaaqudgha
 38102 | Lair:1   | Learned a level 5 spell: Excruciating Wounds
 38179 | Swamp:1  | Entered Level 1 of the Swamp
 38301 | Swamp:1  | Identified the Disquisition on the Creative Frostbite
 38306 | Swamp:1  | Noticed a tentacled monstrosity
 38926 | Swamp:1  | Noticed a thorn hunter
 39228 | Snake:1  | Entered Level 1 of the Snake Pit
 40673 | D:15     | Reached XP level 16. HP: 61/110 MP: 20/27
 40721 | D:15     | Reached skill level 5 in Air Magic
 40854 | D:15     | Found a staircase to the Depths.
 41346 | Swamp:1  | Killed a tentacled monstrosity
 41797 | Swamp:1  | HP: 4/111 [spriggan druid/angry trees (11)]
 41798 | Swamp:1  | Killed from afar by a spriggan druid

Skill      XL: |  1  2  3  4  5  6  7  8  9 10 11 12 13 14 15 16 |
---------------+-------------------------------------------------+-----
Fighting       | 2 3 4 5 6 8 9 10 | 10.6
Short Blades   | 1 2 3 4 |  4.6
Charms         | 4 5 6 8 |  8.0
Spellcasting   | 3 4 6 7 9 10 | 10.2
Necromancy     | 2 3 5 7 8 10 11 12 | 12.8
Armour         | 1 3 4 5 7 |  7.0
Evocations     | 3 4 5 |  5.3
Dodging        | 3 5 6 8 10 | 10.0
Long Blades    | 3 5 6 7 9 11 12 | 12.4
Hexes          | 2 8 11 12 | 12.1
Air Magic      | 4 5 |  5.1

Action                   |  1- 3 |  4- 6 |  7- 9 | 10-12 | 13-15 | 16-18 || total
-------------------------+-------+-------+-------+-------+-------+-------++-------
Melee: Falchion          |    49 |       |       |       |       |       ||    49
       Bite              |     4 |    18 |    44 |   159 |   427 |    15 ||   667
       Short sword       |    45 |   188 |   369 |   652 |   173 |    11 ||  1438
       Unarmed           |       |    27 |    27 |    34 |    28 |       ||   116
       Triple sword      |       |       |       |   149 |  1482 |    50 ||  1681
 Cast: Infusion          |     8 |    14 |    32 |    65 |    99 |     4 ||   222
       Song of Slaying   |     2 |     4 |     4 |    13 |    34 |       ||    57
       Shroud of Golubri |       |     1 |     8 |    32 |    44 |     3 ||    88
       Regeneration      |       |     1 |    13 |    49 |   129 |     4 ||   196
       Repel Missiles    |       |       |       |     1 |     3 |       ||     4
       Animate Dead      |       |       |       |    22 |    96 |     3 ||   121
       Dispel Undead     |       |       |       |     1 |    11 |     1 ||    13
       Tukima's Dance    |       |       |       |       |    16 |       ||    16
       Confuse           |       |       |       |       |     9 |     9 ||    18
       Excruciating Woun |       |       |       |       |     3 |       ||     3
Invok: Receive Corpses   |       |       |       |     1 |     5 |     2 ||     8
       Receive Necronomi |       |       |       |       |     1 |       ||     1
 Abil: Bat Form          |       |     8 |    26 |    90 |    96 |    14 ||   234
       End Transformatio |       |     8 |    26 |    90 |    96 |    13 ||   233
Evoke: Wand              |       |       |    11 |    38 |    22 |       ||    71
       Box of beasts     |       |       |       |     3 |       |       ||     3
  Use: Potion            |       |     5 |     7 |    30 |    35 |     3 ||    80
       Scroll            |       |       |     6 |    11 |    20 |     2 ||    39
 Stab: Sleeping          |     1 |     7 |     4 |     5 |     6 |       ||    23
       Distracted        |       |       |     2 |     2 |    12 |       ||    16
       Invisible         |       |       |       |     1 |       |       ||     1
       Confused          |       |       |       |       |     4 |     9 ||    13
  Eat: Corpse            |       |     3 |     3 |     3 |    27 |       ||    36
Armor: Leather armour    |    31 |    45 |    16 |       |       |       ||    92
       Robe              |       |       |    79 |       |       |       ||    79
       Troll leather arm |       |       |       |   240 |   552 |    18 ||   810
Dodge: Dodged            |    48 |    94 |   190 |   708 |  1937 |    53 ||  3030
       Deflected         |       |       |       |     2 |    35 |     2 ||    39
       Rpst.: Falchion   |     9 |       |       |       |       |       ||     9
       Triple sword      |       |       |       |    60 |   439 |     7 ||   506
